 Dungeon Crawl Stone Soup version 0.25-a0-290-g4a1327ee3a (webtiles) character file.

Game seed: 4341177392461382174, levelgen mode: classic

17715 Borgoz the Slicer (level 12, -2/76 HPs)
             Began as a Kobold Assassin on Dec 15, 2019.
             Was a High Priest of Okawaru.
             Splashed by a brown ugly thing's acid (8 damage)
             ... while paralysed
             ... in a Gauntlet.
             The game lasted 00:29:27 (14746 turns).

Borgoz the Slicer (Kobold Assassin)                Turns: 14746, Time: 00:29:28

Health: -2/76      AC:  0    Str: 17    XL:     12   Next: 86%
Magic:  18/18      EV:  3    Int: 14    God:    Okawaru [*****.]
Gold:   632        SH:  0    Dex: 16    Spells: 11/11 levels left

rFire    . . .     SeeInvis .   b - +1 dagger (elec)
rCold    . . .     Gourm    .   (shield restricted)
rNeg     . . .     Faith    .   K - +0 troll leather armour
rPois    +         Spirit   .   (no helmet)
rElec    .         Reflect  .   k - +0 cloak
rCorr    .         Harm     .   (no gloves)
MR       .....     NoTele   +   m - +0 pair of boots
Stlth    ++........             v - amulet of rage
HPRegen  0.62/turn              Q - ring of poison resistance
MPRegen  0.16/turn              u - +5 ring of strength

@: confused, paralysed, corroded, berserk cooldown, slowed
A: small, carnivore
a: Heroism, Finesse, Renounce Religion, Evoke Berserk Rage


You were in a Gauntlet.
You worshipped Okawaru.
Okawaru was extremely pleased with you.
You were not hungry.

You visited 2 branches of the dungeon, and saw 14 of its levels.
You also visited: Gauntlet.

You collected 698 gold pieces.
You spent 66 gold pieces at shops.

Inventory:

Hand Weapons
 a - a +0 dagger of venom
 b - a +1 dagger of electrocution (weapon)
 D - a +2 dagger
 M - the +8 whip "Neawego" {flame, rF+}
   (You found it on level 8 of the Dungeon)

   It has been specially enchanted to burn those struck by it, causing extra
   injury to most foes and up to half again as much damage against particularly
   susceptible opponents.
   It protects you from fire.
 O - the +0 rapier "Kyuzxor" {pierce, rC+ Int+4}
   (Okawaru gifted it to you on level 9 of the Dungeon)

   It inflicts extra damage upon your enemies.
   It affects your intelligence (+4).
   It protects you from cold.
 P - a +0 quick blade
 W - a +2 dagger of holy wrath
Armour
 i - a +2 shield
 k - a +0 cloak (worn)
 m - a +0 pair of boots (worn)
 H - +0 acid dragon scales
 K - a +0 troll leather armour (worn)
 U - a +2 ring mail of fire resistance
 V - the +5 plate armour of Okawaru's Vengeance {*Slow rPois SInv}
   (Okawaru gifted it to you on level 12 of the Dungeon)

   It protects you from poison.
   It lets you see invisible.
   It may slow you when you take damage.
Jewellery
 q - an uncursed ring of stealth
 u - a +5 ring of strength (right hand)
 v - an amulet of rage (around neck)
 y - an uncursed amulet of guardian spirit
 C - an uncursed ring of resist corrosion
 J - an uncursed amulet of regeneration
 L - an uncursed ring of positive energy
 Q - a ring of poison resistance (left hand)
Wands
 j - a wand of iceblast (22)
 s - a wand of digging (11)
 w - a wand of paralysis (5)
 I - a wand of disintegration (12)
 N - a wand of random effects (18)
Scrolls
 c - a scroll of amnesia
 g - 2 scrolls of magic mapping
 h - 7 scrolls of teleportation
 x - a scroll of fog
 A - 4 scrolls of remove curse
 E - a scroll of noise {unknown}
 R - a scroll of enchant weapon {unknown}
 S - a scroll of summoning {unknown}
Potions
 d - 3 potions of resistance
 e - 2 potions of might
 l - 4 potions of curing
 n - 2 potions of heal wounds
 o - 2 potions of invisibility
 r - a potion of ambrosia
 t - 3 potions of haste
 z - a potion of mutation
 B - a potion of brilliance
 F - 2 potions of magic
 G - a potion of agility
Comestibles
 f - 27 rations


   Skills:
 * Level 9.3 Fighting
 * Level 10.9 Short Blades
 - Level 2.1 Throwing
 * Level 8.9 Armour
 * Level 9.8 Dodging
 - Level 10.0 Stealth
 + Level 3.4 Invocations
 + Level 8.6 Evocations


You had 11 spell levels left.
You didn't know any spells.
Your spell library contained the following spells:

 Spells                   Type           Power        Failure   Level  Hunger
 Shock                    Conj/Air       #...         32%         1    ##.....
 Sting                    Tmut/Pois      #...         32%         1    ##.....
 Mephitic Cloud           Conj/Pois/Air  #.......     69%         3    ####...
 Olgreb's Toxic Radiance  Pois           #.......     97%         4    #####..
 Iskenderun's Battlesphe  Conj/Chrm      #.......     100%        5    ######.


Dungeon Overview and Level Annotations

Branches:
Dungeon (13/15)            Temple (1/1) D:7            Lair (0/6) D:9
    Orc (0/2) D:10        Gauntlet (1/1)
 Vaults: D:13-14

Altars:
Ashenzari
Cheibriados
Dithmenos
Elyvilon
Fedhas
Gozag
Hepliaklqana
Kikubaaqudgha
Makhleb
Nemelex Xobeh
Okawaru
Qazlal
Ru
Sif Muna
Trog
Uskayaw
Vehumet
Wu Jian
Xom
Yredelemnul
Zin
The Shining One

Shops:
D:5 ?   D:10 *

Annotations:
D:7 Joseph
D:13 Azrael Gauntlet 11 transporters, exclusion: oklob plant


Innate Abilities, Weirdness & Mutations

You are small and have problems with some larger weapons.
You are carnivorous and can eat meat at any time.


Message History

The brown ugly thing bites you but does no damage.
You feel a strong urge to attack something.
You bump into the translucent stone wall.
You are no longer berserk.
You pass out from exhaustion.
You feel yourself slow down.
The brown ugly thing tentacle-slaps you.
The acid corrodes you!
You are splashed with acid!
The brown ugly thing bites you but does no damage.
The brown ugly thing tentacle-slaps you!
The acid corrodes you!
You are splashed with acid!
The brown ugly thing bites you!
* * * LOW HITPOINT WARNING * * *
You are splashed with acid!
* * * LOW HITPOINT WARNING * * *
The brown ugly thing basks in the mutagenic energy from its kin and changes!
The brown ugly thing bites you.
* * * LOW HITPOINT WARNING * * *
You are splashed with acid!
You die...

#..#..("©).uu#...#Xxx.
###..#...#.#..G#...#..##
#8#..#....#....#§..#.#..
###..#.#..#..#.#...#.#..
#..#.#######.#...#..##
###..#.#.©#..#.#...#.#..
#8#..#....#....#...#x#..
###..#.u.###...#.∩.#X.##
#..#.@u......#...#xx..
###..###########...#####
#8#.......©.............
###≈............≈∩≈.....
######################
#8# #8# #8# #8# #8# #
### ### ### ### ### #


You could see 2 ugly things.

Vanquished Creatures
  Rupert (D:12)
  A great orb of eyes (Gauntlet)
  4 two-headed ogres
  Urug (D:10)
  An unseen horror (D:11)
  4 ugly things
  A komodo dragon (D:12)
  2 trolls
  A hornet (D:12)
  A slime creature (D:12)
  5 hippogriffs
  A vampire (D:12)
  2 wyverns
  A yak (D:12)
  A hungry ghost (D:13)
  2 steam dragons
  2 acid dragons
  A hell hound (D:13)
  A water moccasin (D:10)
  3 ice beasts
  6 orc warriors
  3 sky beasts
  5 ogres
  A necrophage (D:6)
  A black bear (D:8)
  7 phantoms
  6 centaurs
  A big kobold (D:11)
  A crocodile (D:7)
  6 bullfrogs
  4 scorpions
  3 killer bees (D:10)
  6 howler monkeys
  10 crimson imps
  A bullfrog zombie (D:11)
  3 quasits
  3 centaur skeletons
  6 hounds
  4 jellies
  7 orc priests
  3 bullfrog skeletons
  5 iguanas
  8 worker ants
  19 orc wizards
  A worker ant zombie (D:7)
  7 gnolls
  11 adders
  5 shadow imps
  3 oozes
  An adder zombie (D:8)
  2 worms
  4 dart slugs (D:1)
  6 leopard geckos
  42 orcs
  8 giant cockroaches
  12 goblins
  5 hobgoblins
  5 jackals
  6 quokkas
  2 ball pythons (D:2)
  10 bats
  9 frilled lizards
  16 kobolds
  A quokka skeleton (D:9)
  A quokka zombie (D:5)
  4 rats
316 creatures vanquished.

Vanquished Creatures (others)
  A hornet zombie (D:13)
  A centaur (D:13)
  2 bullfrog zombies (D:13)
  An orc wizard (D:13)
  An orc (D:13)
  10 fungi
  8 plants (Gauntlet)
24 creatures vanquished.

Grand Total: 340 creatures vanquished

Notes
Turn   | Place    | Note
-------+----------+-------------------------------------------
     0 | D:1      | Borgoz the Kobold Assassin began the quest for the Orb.
     0 | D:1      | Reached XP level 1. HP: 12/12 MP: 1/1
    76 | D:1      | Reached XP level 2. HP: 17/17 MP: 2/2
   416 | D:1      | Reached skill level 1 in Armour
   473 | D:1      | Reached XP level 3. HP: 22/22 MP: 3/3
  1042 | D:2      | Reached XP level 4. HP: 27/27 MP: 4/4
  2145 | D:3      | Reached XP level 5. HP: 25/31 MP: 5/5
  2604 | D:4      | Reached skill level 1 in Evocations
  2604 | D:4      | Reached XP level 6. HP: 37/37 MP: 6/6
  2902 | D:4      | Reached XP level 7. HP: 41/41 MP: 8/8
  3461 | D:5      | Entered Level 5 of the Dungeon
  4285 | D:5      | Found Jibefyxt's Magic Scroll Shoppe.
  4491 | D:5      | Bought a scroll of remove curse for 33 gold pieces
  4491 | D:5      | Bought a scroll of remove curse for 33 gold pieces
  4965 | D:5      | Reached skill level 5 in Short Blades
  4965 | D:5      | Reached XP level 8. HP: 17/48 MP: 8/10
  6331 | D:7      | Reached XP level 9. HP: 51/51 MP: 11/11
  6706 | D:7      | Noticed Joseph
  6725 | D:7      | Reached skill level 5 in Fighting
  6725 | D:7      | Reached skill level 5 in Dodging
  6934 | D:7      | Found a staircase to the Ecumenical Temple.
  6949 | D:7      | Noticed a hippogriff
  6954 | Temple   | Entered the Ecumenical Temple
  7098 | Temple   | Became a worshipper of Warmaster Okawaru
  7137 | Temple   | Killed a hippogriff
  7137 | Temple   | Reached skill level 5 in Armour
  8128 | D:8      | Got a pitted whip
  8129 | D:8      | Identified the +8 whip "Neawego" {flame, rF+} (You found it
                  | on level 8 of the Dungeon)
  8615 | D:8      | Reached * piety under Okawaru
  8946 | D:8      | Reached skill level 5 in Evocations
  9073 | D:8      | Noticed a two-headed ogre
  9080 | D:8      | Killed a two-headed ogre
  9080 | D:8      | Reached ** piety under Okawaru
  9080 | D:8      | Reached XP level 10. HP: 60/60 MP: 12/14
  9119 | D:8      | Noticed a two-headed ogre
  9126 | D:8      | Killed a two-headed ogre
  9126 | D:8      | Reached *** piety under Okawaru
  9167 | D:8      | Noticed a two-headed ogre
  9214 | D:8      | Killed a two-headed ogre
  9214 | D:8      | Received a gift from Okawaru
  9214 | D:8      | Reached **** piety under Okawaru
  9214 | D:8      | Received a gift from Okawaru
  9702 | D:9      | Reached XP level 11. HP: 66/66 MP: 15/15
  9745 | D:9      | Reached skill level 10 in Stealth
 10221 | D:9      | Reached ***** piety under Okawaru
 10273 | D:9      | Found a staircase to the Lair.
 10390 | D:9      | Found a basalt altar of Yredelemnul.
 10390 | D:9      | Found a shimmering altar of Xom.
 10488 | D:10     | Entered Level 10 of the Dungeon
 10721 | D:9      | Received a gift from Okawaru
 10737 | D:9      | Got a twisted rapier {god gift}
 10740 | D:9      | Identified the +0 rapier "Kyuzxor" {pierce, rC+ Int+4}
                  | (Okawaru gifted it to you on level 9 of the Dungeon)
 11567 | D:10     | Identified the Handbook of Intoxication and Conjuration
 11615 | D:10     | Found Zedif's Lightly-Used Armoury.
 11636 | D:10     | Noticed Urug
 11656 | D:10     | Killed Urug
 11812 | D:10     | Found a staircase to the Orcish Mines.
 12053 | D:11     | Noticed a two-headed ogre
 12068 | D:11     | Killed a two-headed ogre
 12316 | D:11     | Reached skill level 1 in Invocations
 12455 | D:11     | Noticed a green ugly thing
 12464 | D:11     | Killed a green ugly thing
 12555 | D:11     | Found a sacrificial altar of Ru.
 12752 | D:11     | Killed an unseen horror
 12752 | D:11     | Reached XP level 12. HP: 58/74 MP: 17/17
 13568 | D:12     | Reached skill level 10 in Short Blades
 13585 | D:12     | Noticed Rupert
 13619 | D:12     | Killed Rupert
 13619 | D:12     | Received a gift from Okawaru
 13635 | D:12     | Got a jewelled plate armour {god gift}
 14090 | D:12     | Identified the +5 plate armour of Okawaru's Vengeance
                  | {*Slow rPois SInv} (Okawaru gifted it to you on level 12 of
                  | the Dungeon)
 14262 | D:13     | HP: 3/76 [ice beast (12)]
 14375 | D:13     | Noticed Azrael
 14439 | D:13     | Found a gate leading to a gauntlet.
 14456 | Gauntlet | Entered a Gauntlet
 14456 | Gauntlet | Found a transporter.
 14456 | Gauntlet | Found a transporter.
 14456 | Gauntlet | Found a transporter.
 14456 | Gauntlet | Noticed a great orb of eyes
 14457 | Gauntlet | Found a transporter.
 14460 | Gauntlet | Found a transporter.
 14473 | Gauntlet | Found a transporter.
 14479 | Gauntlet | Found a transporter.
 14494 | Gauntlet | Found a transporter.
 14497 | Gauntlet | Noticed a catoblepas
 14516 | Gauntlet | Found a transporter.
 14542 | Gauntlet | Found a transporter.
 14560 | Gauntlet | Found a transporter.
 14616 | Gauntlet | Found a transporter.
 14721 | Gauntlet | Paralysed by a great orb of eyes for 6 turns
 14741 | Gauntlet | Killed a great orb of eyes
 14746 | Gauntlet | Splashed by a brown ugly thing's acid

Levels and vault maps discovered:
D:1:      minmay_arrival_doors, layout_loops_corners
D:2:      layout_loops_cross, grunt_ministairs_7
D:3:      layout_rooms
D:4:      layout_basic, minmay_misc_feat_room, hangedman_decor_push
D:5:      layout_cave_pods, first_ration, serial_shops,
          nicolae_shop_statue_plus, grunt_ministairs_15
D:6:      layout_basic
D:7:      layout_rooms, minmay_temple_entry_junction, minmay_misc_feat_rows,
          the_bakery, hangedman_feature_mirror, uniq_joseph
D:8:      layout_basic
D:9:      layout_roguey, gammafunk_temple_overflow_elements, lair_entry_dummy
D:10:     kennysheep_steamy, layout_basic, orc_0_dummy, minmay_shop_damaged,
          uniq_urug
D:11:     layout_stronghold, basic_altar, chequers_serial_rivers_large_a
D:12:     layout_small_grid, kennysheep_generic_room_2, uniq_rupert
D:13:     layout_basic, serial_rivers, chequers_serial_rivers_micro_d,
          chequers_serial_rivers_room_a, chequers_serial_rivers_micro_e,
          chequers_serial_rivers_micro_a, chequers_serial_rivers_small_3,
          chequers_serial_rivers_micro_c, gauntlet_entry_generic, uniq_azrael
Temple:   regret_index_temple_chain_breaker
Gauntlet: gammafunk_gauntlet_shortcut [nicolae_gauntlet_arena_t_cross,
          gammafunk_gauntlet_arena_arrow_garden,
          nicolae_gauntlet_arena_quarters,
          gammafunk_gauntlet_arena_split_diamond,
          gammafunk_gauntlet_arena_hedges, gammafunk_gauntlet_arena_corners,
          gauntlet_exit_watery]

Skill      XL: |  1  2  3  4  5  6  7  8  9 10 11 12 |
---------------+-------------------------------------+-----
Short Blades   | 3 4 5 7 8 9 10 | 10.9
Armour         | 1 2 3 4 6 7 8 |  8.9
Dodging        | 2 3 4 6 7 8 9 |  9.8
Stealth        | 6 7 9 10 | 10.0
Fighting       | 3 4 6 8 9 |  9.3
Evocations     | 1 2 3 5 6 7 8 |  8.6
Invocations    | 1 3 |  3.4
Throwing       | |  2.1

Action                   |  1- 3 |  4- 6 |  7- 9 | 10-12 || total
-------------------------+-------+-------+-------+-------++-------
Melee: Dagger            |    73 |   183 |   619 |   780 ||  1655
       Whip              |       |       |     6 |    46 ||    52
       Rapier            |       |       |       |    33 ||    33
       Punch             |       |       |       |     2 ||     2
Invok: Heroism           |       |       |       |     2 ||     2
       Finesse           |       |       |       |     1 ||     1
 Abil: Evoke Berserk Rag |       |     2 |     7 |     7 ||    16
Evoke: Wand              |       |       |     1 |     5 ||     6
  Use: Scroll            |       |    11 |    10 |     8 ||    29
       Potion            |       |       |     5 |     3 ||     8
 Stab: Sleeping          |    17 |    11 |     8 |    23 ||    59
       Paralysed         |       |       |     1 |     2 ||     3
       Distracted        |       |       |       |     2 ||     2
  Eat: Chunk             |     8 |     8 |    27 |    21 ||    64
Armor: Robe              |     8 |    20 |       |       ||    28
       Ring mail         |       |    21 |   156 |    76 ||   253
       Acid dragon scale |       |       |       |    21 ||    21
       Troll leather arm |       |       |       |    31 ||    31
Dodge: Dodged            |    37 |   145 |   410 |   524 ||  1116

Table legend:
 A = Non-vault XP
 B = Vault XP
 C = Vault XP percentage of total XP
 D = Non-vault monster count
 E = Vault monster count
 F = Vault count percentage of total count
                 A         B        C        D         E       F
            +---------+---------+-------+---------+---------+-------
      Total |   19731 |    5577 |  22.0 |     305 |      12 |   3.8
            +---------+---------+-------+---------+---------+-------
        D:1 |      54 |       0 |   0.0 |      27 |       0 |   0.0
        D:2 |      68 |       8 |  10.5 |      27 |       2 |   6.9
        D:3 |      52 |       0 |   0.0 |      15 |       0 |   0.0
        D:4 |     399 |       0 |   0.0 |      13 |       0 |   0.0
        D:5 |     784 |      37 |   4.5 |      31 |       1 |   3.1
        D:6 |     529 |       0 |   0.0 |      12 |       0 |   0.0
        D:7 |     670 |       0 |   0.0 |      17 |       0 |   0.0
        D:8 |    4083 |       0 |   0.0 |      28 |       0 |   0.0
        D:9 |    2170 |     172 |   7.3 |      39 |       1 |   2.5
       D:10 |    1745 |    1020 |  36.9 |      21 |       2 |   8.7
       D:11 |    4079 |       0 |   0.0 |      35 |       0 |   0.0
       D:12 |    1803 |    3141 |  63.5 |      16 |       4 |  20.0
       D:13 |    2853 |     148 |   4.9 |      18 |       1 |   5.3
     Temple |     442 |       0 |   0.0 |       6 |       0 |   0.0
   Gauntlet |       0 |    1051 | 100.0 |       0 |       1 | 100.0
            +---------+---------+-------+---------+---------+-------
